 Dungeon Crawl Stone Soup version 0.30-a0-808-g6e0788376e (webtiles) character file.

Game seed: 257744456705387578

735 porpoise the Cleaver (level 7, -2/64 HPs)
             Began as a Hill Orc Monk on Feb 27, 2023.
             Slain by an ogre
             ... wielding a +0 giant spiked club
              (12 damage)
             ... on level 5 of the Dungeon.
             The game lasted 00:11:49 (4288 turns).

porpoise the Cleaver (Hill Orc Monk)                Turns: 4288, Time: 00:11:50

Health: -2/64      AC:  6    Str: 22    XL:     7   Next: 74%
Magic:  7/7        EV: 10    Int: 10    God:
Gold:   289        SH:  5    Dex: 13    Spells: 4/6 levels left

rFire   . . .      SeeInvis .    a - +0 war axe
rCold   . . .      Faith    .    (no shield)
rNeg    + . .      Spirit   .    d - +0 scale mail
rPois   .          Reflect  +    (no helmet)
rElec   .          Harm     .    (no cloak)
rCorr   .          Rampage  .    (no gloves)
Will    .....                    (no boots) Stlth
                                 n - amulet of reflection
HPRegen 0.30/turn                o - +6 ring of strength
MPRegen 0.10/turn                D - ring of positive energy

@: no status effects
A: no striking features
a: no special abilities


You were on level 5 of the Dungeon.
You visited 1 branch of the dungeon, and saw 5 of its levels.

You collected 289 gold pieces.

Inventory:

Hand Weapons
 a - a +0 war axe (weapon)
 r - a +0 lajatang
Missiles
 m - 15 poisoned darts (quivered)
 v - 3 curare-tipped darts
 z - 2 javelins
Armour
 d - a +0 scale mail (worn)
Jewellery
 n - an amulet of reflection (around neck)
 o - a +6 ring of strength (left hand)
 w - a ring of protection from fire
 D - a ring of positive energy (right hand)
Wands
 y - a wand of acid (4)
Scrolls
 e - 3 scrolls of teleportation
 i - 3 scrolls of vulnerability
 j - a scroll of amnesia {unknown}
 p - a scroll of acquirement {unknown}
 q - a scroll of butterflies {unknown}
 t - a scroll of enchant armour {unknown}
 u - a scroll of immolation {unknown}
 C - a scroll of blinking {unknown}
Potions
 b - a potion of invisibility {unknown}
 c - a potion of resistance
 f - a potion of haste
 g - 2 potions of attraction
 h - a potion of mutation
 l - 4 potions of might
 s - a potion of brilliance {unknown}
 x - a potion of heal wounds {unknown}
 A - a potion of degeneration {unknown}
 B - 2 potions of magic {unknown}


   Skills:
 + Level 6.7 Fighting
 * Level 9.7 Axes
 - Level 2.4 Dodging
 - Level 1.5 Stealth


You had 4 spell levels left.
You knew the following spells:

 Your Spells              Type           Power      Damage    Failure   Level
w - Wereblood             Tmut           0%         N/A       85%         2

Your spell library contained the following spells:

 Spells                   Type           Power      Damage    Failure   Level
 Beastly Appendage        Tmut           0%         N/A       71%         1
 Spider Form              Tmut/Pois      0%         N/A       97%         3


Dungeon Overview and Level Annotations

Branches:
Dungeon (5/15)
 Temple: D:4-7

Altars:
Qazlal
Xom

Annotations:
D:3 3 runed translucent doors, tarna41's ghost, amateur SpCj


Message History

You slash the megabat!
You kill the megabat!
No target in view!
A black bear comes into view.
The black bear growls angrily.
The black bear bites you. The black bear misses you. The black bear claws you.
You slice the black bear!!
The black bear is severely wounded.
The black bear bites you. The black bear claws you.
You block the black bear's attack.
An ogre comes into view. It is wielding a +0 giant spiked club.
The ogre shouts!
You hit the black bear but do no damage.
The black bear is severely wounded.
You block the black bear's attack.
The black bear claws you but does no damage.
The black bear barely misses you.
You closely miss the black bear.
The black bear is severely wounded.
The black bear bites you. The black bear claws you. x2
You hit the black bear but do no damage.
The black bear is severely wounded.
The black bear goes berserk!
You slash the black bear!
You kill the black bear!
You see here a black bear corpse.
You slash the ogre!
The ogre is moderately wounded.
The ogre hits you with a +0 giant spiked club!!
You are too injured to fight recklessly!
You are too injured to fight recklessly!
You hit the ogre.
The ogre is heavily wounded.
The ogre hits you with a +0 giant spiked club!!
* * * LOW HITPOINT WARNING * * *
You feel better.
You hit the ogre.
The ogre is heavily wounded.
The ogre hits you with a +0 giant spiked club!
You die...

### #.# ... #.####
#'# ##...## #.#
#....## #.#
##....#####.#####
##....###........#
##†##...##...O..#
###.####### #.@.#
# ##...## ####
##.## # #..#..#
##..# #.# #
...##.###...# #.#
# ..####.###.##
#.# # ..#
#.##.#### #.#
########## .##
##...#†..# #.#
#.......## ##
#...###### #.#
#.#####.## #
#.##..# #.# #.#
#.#


You could see an ogre.

Vanquished Creatures
  A water moccasin (D:5)
  2 black bears (D:5)
  An ice beast (D:5)
  A vampire bat (D:5)
  A jelly (D:5)
  Jessica (D:2)
  4 gnolls (D:2)
  5 adders
  2 ufetubi (D:5)
  2 worms
  2 dart slugs
  3 fire bats (D:5)
  4 orcs
  2 spectral bats (D:5)
  3 bat skeletons (D:5)
  A bat zombie (D:5)
  6 endoplasms
  4 giant cockroaches
  4 hobgoblins
  4 kobolds
  4 quokkas
  7 ball pythons
  16 bats
  A bat simulacrum (D:5)
  3 frilled lizards
  6 goblins
  7 rats
97 creatures vanquished.

Vanquished Creatures (others)
  10 plants (D:2)
10 creatures vanquished.

Grand Total: 107 creatures vanquished

Notes
Turn   | Place    | Note
-------+----------+-------------------------------------------
     0 | D:1      | porpoise the Hill Orc Monk began the quest for the Orb.
     0 | D:1      | Reached XP level 1. HP: 19/19 MP: 1/1
   115 | D:1      | Reached XP level 2. HP: 27/27 MP: 2/2
   431 | D:1      | Reached skill level 5 in Axes
   560 | D:1      | Reached XP level 3. HP: 33/33 MP: 3/3
  1188 | D:2      | Found a stormy altar of Qazlal.
  1272 | D:2      | Noticed Jessica
  1279 | D:2      | Killed Jessica
  1280 | D:2      | Reached XP level 4. HP: 12/41 MP: 4/4
  1467 | D:2      | Reached skill level 6 in Axes
  1755 | D:2      | Reached XP level 5. HP: 12/47 MP: 5/5
  2158 | D:3      | Found a runed translucent gate.
  2158 | D:3      | Found a runed translucent gate.
  2158 | D:3      | Found a runed translucent gate.
  2159 | D:3      | Noticed tarna41's ghost (amateur SpCj)
  2159 | D:3      | Noticed a kobold brigand
  2304 | D:3      | Learned a level 2 spell: Wereblood
  2409 | D:4      | Reached skill level 5 in Fighting
  2872 | D:4      | Found a shimmering altar of Xom.
  3322 | D:4      | Reached skill level 7 in Axes
  3345 | D:5      | Entered Level 5 of the Dungeon
  3365 | D:5      | Noticed an ice beast
  3371 | D:5      | Killed an ice beast
  3372 | D:5      | Reached XP level 6. HP: 42/56 MP: 6/6
  3941 | D:5      | Noticed a water moccasin
  3949 | D:5      | Killed a water moccasin
  3950 | D:5      | Reached skill level 8 in Axes
  4023 | D:5      | Noticed a black bear
  4031 | D:5      | Killed a black bear
  4032 | D:5      | Reached XP level 7. HP: 56/63 MP: 7/7
  4150 | D:5      | Reached skill level 9 in Axes
  4288 | D:5      | Slain by an ogre

Illustrated notes

Levels and vault maps discovered:
D:1:      beargit_arrival_greenhouse, layout_loops_ring
D:2:      layout_loops_cross, basic_altar, serial_bayou, serial_bayou_lagoon_a,
          serial_bayou_pond_a, serial_bayou_pond_b, serial_bayou_lake_a,
          uniq_jessica
D:3:      layout_basic, gammafunk_ghost_nasty_kobolds,
          nicolae_elevator_lobby_asterisk
D:4:      cheibrodos_helix_gallery, layout_cave_pools, old_standard_altar
D:5:      layout_loops_corners, goddamned_bats

Skill      XL: |  1  2  3  4  5  6  7 |
---------------+----------------------+-----
Fighting       | 4 5 6 |  6.7
Axes           | 5 6 7 8 9 |  9.7
Dodging        | |  2.4
Stealth        | |  1.5

Action                     |  1- 3 |  4- 6 |  7- 9 || total
---------------------------+-------+-------+-------++-------
  Melee: Hand axe          |   156 |    79 |       ||   235
         Punch             |     3 |     1 |       ||     4
         War axe           |       |    43 |    50 ||    93
  Throw: Dart              |       |     1 |       ||     1
    Use: Scroll            |     2 |     6 |       ||     8
         Potion            |     1 |       |     1 ||     2
 Armour: Scale mail        |    93 |    34 |    42 ||   169
  Dodge: Dodged            |    75 |    58 |    46 ||   179
  Block: Other             |     1 |    27 |    18 ||    46

Table legend: (Time is in decaauts)
 A = Elapsed time spent in this place.
 B = Non-inter-level travel time spent in this place.
 C = Inter-level travel time spent in this place.
 D = Time resting spent in this place.
 E = Time spent auto-exploring this place.
 F = Levels seen in this place.
 G = Mean time per level.
                   A        B        C        D        E       F      G
               +--------+--------+--------+--------+--------+-----+--------+
         Total |   4337 |   4160 |    177 |    832 |   2480 |   5 |  867.4 |
       Dungeon |   4337 |   4160 |    177 |    832 |   2480 |   5 |  867.4 |
               +--------+--------+--------+--------+--------+-----+--------+

Top non-repeatable levels by time:
     D:2: 1207 daAuts
     D:5: 947 daAuts
     D:3: 883 daAuts
     D:1: 759 daAuts
     D:4: 539 daAuts
